 Dungeon Crawl Stone Soup version 0.28.0-53-g5a82cb258f (webtiles) character file.

Game seed: 17910236539374680624

33 Peloso the Shield-Bearer (level 3, -3/33 HPs)
             Began as a Minotaur Fighter on July 3, 2022.
             Killed by divine providence
             ... invoked by an orc priest
              (8 damage)
             ... on level 2 of the Dungeon.
             The game lasted 00:01:19 (889 turns).

Peloso the Shield-Bearer (Minotaur Fighter)          Turns: 889, Time: 00:01:20

Health: -3/33      AC:  9    Str: 20    XL:     3   Next: 12%
Magic:  2/2        EV:  7    Int:  5    God:
Gold:   17         SH:  4    Dex: 11    Spells: 2/2 levels left

rFire   . . .      SeeInvis .   a - +0 long sword
rCold   . . .      Faith    .   c - +0 buckler
rNeg    . . .      Spirit   .   i - +0 chain mail
rPois   .          Reflect  .   (helmet restricted)
rElec   .          Harm     .   (no cloak)
rCorr   .          Rampage  .   (no gloves)
Will    .....                   (no boots)
Stlth   ..........              (no amulet)
HPRegen 0.11/turn               (no ring)
MPRegen 0.08/turn               (no ring)

@: no status effects
A: horns 2, retaliatory headbutt
a: no special abilities


You were on level 2 of the Dungeon.
You visited 1 branch of the dungeon, and saw 2 of its levels.

You collected 17 gold pieces.

Inventory:

Hand Weapons
 a - a +0 long sword (weapon)
Armour
 b - a +1 scale mail
 c - a +0 buckler (worn)
 i - a +0 chain mail (worn)
Scrolls
 f - a scroll of immolation {unknown}
 g - a scroll of silence {unknown}
Potions
 d - a potion of might
 e - a potion of curing {unknown}
 h - a potion of ambrosia {unknown}


   Skills:
 + Level 4.0 Fighting
 + Level 2.8 Long Blades
 + Level 4.1 Armour
 + Level 4.2 Shields


You had 2 spell levels left.
You didn't know any spells.
Your spell library was empty.

Dungeon Overview and Level Annotations

Branches:
Dungeon (2/15)

Altars:


Innate Abilities, Weirdness & Mutations

You have a pair of horns on your head.
You reflexively headbutt those who attack you in melee.


Message History

Found a leather armour.
Found a chain mail.
g - a scroll labelled ZEABIG VUPP You see here a +0 chain mail.
i - a +0 chain mail You start removing your armour.
You continue taking off your +1 scale mail. x4
You finish taking off your +1 scale mail.
You start putting on your armour.
You continue putting on your +0 chain mail. x5
You finish putting on your +0 chain mail.
Found a stone staircase leading down.
Found 18 stones.
An orc comes into view. It is wielding a +0 hand axe.
Found a golden ring.
An orc wizard comes into view. It is wielding a +0 dagger.
Found a stone staircase leading up.
The orc wizard shouts!
An orc comes into view. It is wielding a +0 short sword.
An orc priest comes into view. It is wielding a +0 hand axe.
The orc shouts!
The orc priest shouts!
The orc priest looks satisfied for a moment.
You see here a ring of magical power.
An orc priest comes into view. It is wielding a +0 mace.
The orc priest shouts!
The orc completely misses you.
You hit the orc but do no damage. Your headbutt misses the orc.
The orc wizard mumbles some strange words.
The orc wizard flickers and vanishes!
Deactivating autopickup; reactivate with Ctrl-A.
The orc hits you with a +0 hand axe.
The orc priest invokes the aid of Beogh against you.
Beogh smites you! The orc hits you with a +0 hand axe.
You see here 18 stones.
The orc priest calls down the wrath of Beogh upon you.
Beogh smites you!
* * * LOW HITPOINT WARNING * * *
The orc priest invokes the aid of Beogh against you.
Beogh smites you!
You die...

...........#
................#
.........=.....#
..............##
..............###.
#..<..............
#.............#
#.....o...=..#
####
####.#@###.o....#


Pb.. ..........oo.....# .b. #####.#.###....>.####### #.#.# ######........ # #.#
###..##.. #.# #...... ..# ##..... .## #...... . ##.#.#.. You could see 2 orc
priests and an orc.

Vanquished Creatures
  An adder (D:2)
  A dart slug (D:1)
  A bat (D:1)
  6 endoplasms
  A goblin (D:1)
  2 jackals
  A quokka (D:1)
  3 ball pythons (D:1)
  A frilled lizard (D:1)
  3 rats
20 creatures vanquished.

Vanquished Creatures (others)
  A plant (D:1)
1 creature vanquished.

Grand Total: 21 creatures vanquished

Notes
Turn   | Place    | Note
-------+----------+-------------------------------------------
     0 | D:1      | Peloso the Minotaur Fighter began the quest for the Orb.
     0 | D:1      | Reached XP level 1. HP: 19/19 MP: 0/0
   220 | D:1      | Reached XP level 2. HP: 27/27 MP: 1/1
   320 | D:1      | Found a faded altar of an unknown god.
   717 | D:2      | Reached XP level 3. HP: 24/33 MP: 2/2
   889 | D:2      | Killed from afar by an orc priest

Illustrated notes

Levels and vault maps discovered:
D:1:      matt_arrival_spirals, layout_rooms, shapermc_ecumenical_altar_pompeii,
          minmay_misc_feat_iff, minivault_4, kennysheep_boxes
D:2:      layout_rooms, serial_aquarium, aquarium_bridge_long_joined
          [aquarium_subvault_bridge, aquarium_subvault_bridge,
          aquarium_subvault_wall, aquarium_subvault_wall,
          aquarium_subvault_window, aquarium_subvault_wall], aquarium_window_2,
          aquarium_window_2, aquarium_view_2f, uniq_crazy_yiuf_cottage

Skill      XL: |  1  2 |
---------------+-------+-----
Shields        | 4 |  4.2
Armour         | 4 |  4.1
Fighting       | 4 |  4.0
Long Blades    | |  2.8

Action                   || total
-------------------------++-------
Melee: Long sword        ||    37
       Headbutt          ||     6
  Use: Scroll            ||     2
Armor: Scale mail        ||    19
Dodge: Dodged            ||    32
Block: Buckler           ||    13
